 Dungeon Crawl Stone Soup version 0.21.1-1-g345015fe64 (webtiles) character file.

1017 Delanovic the Covert (level 8, -4/37 HPs)
             Began as a Spriggan Enchanter on Apr 21, 2018.
             Was an Initiate of Gozag.
             Killed by divine providence
             ... invoked by an orc priest
              (16 damage)
             ... on level 4 of the Dungeon.
             The game lasted 00:16:27 (5193 turns).

Delanovic the Covert (Spriggan Enchanter)           Turns: 5193, Time: 00:16:28

Health: -4/37      AC:  3    Str:  4    XL:     8   Next: 2%
Magic:  7/18       EV: 19    Int: 18    God:    Gozag
Gold:   167        SH:  0    Dex: 17    Spells: 7/19 levels left

rFire    . . .     SeeInvis +   p - +1 dagger (venom)
rCold    . . .     Gourm    .   (shield restricted)
rNeg     . . .     Faith    .   b - +1 robe
rPois    .         Spirit   .   (helmet restricted)
rElec    .         Reflect  .   (no cloak)
rCorr    .         Harm     .   (gloves unavailable)
MR       +....                  (boots unavailable)
Stlth    ++++......             o - amulet of inaccuracy
HPRegen  0.12/turn              (no ring)
MPRegen  0.16/turn              (no ring)

@: very quick
A: very small, unfitting armour, see invisible, herbivore, speed 3, slow
metabolism 2
a: Potion Petition, Call Merchant, Bribe Branch, Renounce Religion


You were on level 4 of the Dungeon.
You worshipped Gozag.
Gozag was aware of your devotion.
You were not hungry.

You visited 2 branches of the dungeon, and saw 5 of its levels.
You also visited: Sewer.

You collected 238 gold pieces.
You paid 71 gold pieces to Gozag.

Inventory:

Hand Weapons
 a - a +1 dagger
 p - a +1 dagger of venom (weapon)
Armour
 b - a +1 robe (worn)
Jewellery
 o - an amulet of inaccuracy (around neck)
Scrolls
 j - a scroll of remove curse
 n - a scroll of magic mapping
 r - a scroll of identify
 s - a scroll of teleportation {unknown}
 t - a scroll of noise {unknown}
 u - 2 scrolls of blinking {unknown}
 v - a scroll of fog {unknown}
Potions
 e - 6 potions of flight
 f - a potion of degeneration {unknown}
 g - 2 potions of might {unknown}
 h - a potion of haste {unknown}
 i - a potion of berserk rage {unknown}
 k - a potion of brilliance {unknown}
 l - 2 potions of curing
 m - 2 potions of heal wounds {unknown}
Books
 c - a book of Maledictions

   Spells                             Type                      Level
   a - Corona                         Hexes                        1
   b - Ensorcelled Hibernation        Hexes/Ice                    2
   c - Confuse                        Hexes                        3
   d - Tukima's Dance                 Hexes                        3
   e - Dazzling Spray                 Conjuration/Hexes            3
Comestibles
 d - 7 rations


   Skills:
 + Level 1.3 Fighting
 + Level 2.3 Short Blades
 + Level 4.0 Dodging
 + Level 9.0 Stealth
 + Level 6.4 Spellcasting
 + Level 7.0 Hexes


You had 7 spell levels left.
You knew the following spells:

 Your Spells              Type           Power        Failure   Level  Hunger
a - Corona                Hex            ####...      1%          1    None
b - Ensorcelled Hibernat  Hex/Ice        ###...       4%          2    None
c - Confuse               Hex            ####....     1%          3    ##.....
d - Tukima's Dance        Hex            ####....     1%          3    ##.....
e - Dazzling Spray        Conj/Hex       ###...       9%          3    ##.....


Dungeon Overview and Level Annotations

Branches:
Dungeon (4/15)             Temple (1/1) D:4

Altars:
Ashenzari
Cheibriados
Dithmenos
Elyvilon
Fedhas
Gozag
Hepliaklqana
Kikubaaqudgha
Nemelex Xobeh
Okawaru
Qazlal
Trog
Uskayaw
Vehumet
Wu Jian
Xom
Zin
The Shining One

Shops:
D:4 [


Innate Abilities, Weirdness & Mutations

You are very small and have problems with some larger weapons.
You are too small for most types of armour.
You have supernaturally acute eyesight. (SInv)
You are a herbivore.
You cover ground extremely quickly.
You need consume almost no food.


Message History

Your Stealth skill increases to level 9!
You have reached level 8!
The orc completely misses you.
The orc priest calls down the wrath of Beogh upon you.
Beogh smites you!
Casting: Ensorcelled Hibernation
Confirm with . or Enter, or press ? or * to list all spells.
Aiming: Ensorcelled Hibernation
Press: ? - help, Shift-Dir - straight line, f - orc priest
Aim: an orc priest, wielding a hand axe (chance to defeat MR: 49%)
The orc priest resists with some effort.
The orc hits you with a club.
The orc priest invokes the aid of Beogh against you.
Beogh smites you!
* * * LOW HITPOINT WARNING * * *
It was a potion of curing.
You feel better.
The orc priest invokes the aid of Beogh against you.
Beogh smites you!
You die...
Your body crumbles into a pile of gold.

*,,,######* #.#
****,,.#.....####$###
*,,,,,..............# *****
*,,,,,.......#.#....# **,,,**
*,,,,,.......#......####*,***,*
****,,,#....$#$#........,,* *,*
*,,,**#..$o....#.####*,***,* #
*,,,* ###..o.....# **,,,** #
**..# ###@##.### **,** #
*..##****#.##'#* *,* #
*...,,,,,..#...** *,* ###
###.###***###.,...** *,* ..#
#.....## **,.,....* **,***
#.###......##**,,..,,..#####,,,,,
.............,+,,..,,,##...##,$,*
#.###....#.#***,,...,##.._..##,**
#.# #...##*,****,,,,,#....!.)#,,,


You could see an orc priest and an orc.

Vanquished Creatures
  Sigmund (D:2)
  Purgy (Sewer)
  A phantom (D:4)
  An eye of draining (D:4)
  An ogre (D:4)
  A hound (D:3)
  A centaur skeleton (D:4)
  Terence (D:2)
  Natasha (D:2)
  4 orc wizards
  2 worker ants (D:4)
  Robin (D:3)
  4 gnolls (D:3)
  7 adders
  2 oozes (D:1)
  An adder skeleton (D:4)
  2 worms (D:4)
  A dart slug (D:1)
  A leopard gecko (D:2)
  6 orcs
  11 giant cockroaches (D:3)
  10 hobgoblins
  7 jackals
  A quokka (D:3)
  2 ball pythons (D:4)
  9 bats
  2 frilled lizards
  A giant cockroach zombie (D:3)
  19 goblins
  A jackal skeleton (D:3)
  8 kobolds
  A leopard gecko zombie (D:3)
  A quokka skeleton (D:3)
  7 rats
120 creatures vanquished.

Notes
Turn   | Place    | Note
-------+----------+-------------------------------------------
     0 | D:1      | Delanovic the Spriggan Enchanter began the quest for the Orb.
     0 | D:1      | Reached XP level 1. HP: 9/9 MP: 5/5
   108 | D:1      | Reached XP level 2. HP: 13/13 MP: 4/7
   112 | D:1      | Learned a level 2 spell: Ensorcelled Hibernation
   350 | D:1      | Reached skill level 5 in Stealth
   909 | D:1      | Reached XP level 3. HP: 16/16 MP: 3/8
  1680 | D:2      | Noticed Sigmund
  1692 | D:2      | Killed Sigmund
  1692 | D:2      | Reached skill level 6 in Stealth
  1692 | D:2      | Reached skill level 5 in Hexes
  1692 | D:2      | Reached XP level 4. HP: 21/21 MP: 2/11
  1692 | D:2      | Reached XP level 5. HP: 24/24 MP: 2/12
  2131 | D:2      | Noticed Terence
  2184 | D:2      | Learned a level 3 spell: Confuse
  2194 | D:2      | Killed Terence
  2351 | D:2      | Noticed Natasha
  2355 | D:2      | Killed Natasha
  2414 | D:2      | Found an iron altar of Okawaru.
  2698 | D:3      | Noticed Robin
  2711 | D:3      | Reached skill level 7 in Stealth
  2885 | D:3      | Reached XP level 6. HP: 27/28 MP: 9/14
  3236 | D:2      | Learned a level 3 spell: Tukima's Dance
  3240 | D:2      | Learned a level 3 spell: Dazzling Spray
  3280 | D:3      | Killed Robin
  3280 | D:3      | Reached skill level 5 in Spellcasting
  4448 | D:4      | Found a bloodstained altar of Trog.
  4465 | D:4      | Reached skill level 8 in Stealth
  4465 | D:4      | Reached XP level 7. HP: 32/32 MP: 6/16
  4639 | D:4      | Found a glowing drain.
  4652 | Sewer    | Entered a sewer
  4662 | Sewer    | Noticed Purgy
  4664 | Sewer    | Killed Purgy
  4856 | D:4      | Found Deasureh's Antique Armour Shoppe.
  4892 | D:4      | Found a staircase to the Ecumenical Temple.
  4895 | D:4      | Reached skill level 1 in Fighting
  4913 | Temple   | Entered the Ecumenical Temple
  4940 | Temple   | Became a worshipper of Gozag Ym Sagoz the Greedy
  4962 | D:4      | Found a shimmering altar of Xom.
  5189 | D:4      | Reached skill level 9 in Stealth
  5189 | D:4      | Reached XP level 8. HP: 31/37 MP: 8/18
  5193 | D:4      | Killed from afar by an orc priest

Skill      XL: |  1  2  3  4  5  6  7 |
---------------+----------------------+-----
Spellcasting   | 3 4 5 6 |  6.4
Hexes          | 4 5 6 7 |  7.0
Stealth        | 5 6 7 8 9 |  9.0
Fighting       | 1 |  1.3
Short Blades   | 2 |  2.3
Dodging        | 4 |  4.0

Action                   |  1- 3 |  4- 6 |  7- 9 || total
-------------------------+-------+-------+-------++-------
Melee: Dagger            |    64 |   156 |    44 ||   264
 Cast: Corona            |     5 |     1 |       ||     6
       Ensorcelled Hiber |    21 |    61 |    14 ||    96
       Confuse           |       |     5 |     2 ||     7
  Use: Scroll            |       |     4 |       ||     4
       Potion            |       |       |     1 ||     1
 Stab: Sleeping          |    20 |    51 |    17 ||    88
       Confused          |       |     2 |     4 ||     6
  Eat: Ration            |       |     2 |       ||     2
Armor: Robe              |     3 |    27 |     3 ||    33
Dodge: Dodged            |    48 |   138 |    21 ||   207
